 Dungeon Crawl Stone Soup version 0.19-a0-1168-g98094fc (webtiles) character file.

48517 Akrasiac the Sharpshooter (level 14, 0/116 HPs)
             Began as a Human Artificer on Aug 14, 2016.
             Was the Champion of Okawaru.
             Slain by a giant leech (22 damage)
             ... on level 6 of the Lair of Beasts.
             The game lasted 00:56:44 (22984 turns).

Akrasiac the Sharpshooter (Human Artificer)        Turns: 22984, Time: 00:56:44

Health: 0/116      AC: 16    Str: 27    XL:     14   Next: 87%
Magic:  15/20      EV: 12    Int: 14    God:    Okawaru [******]
Gold:   1117       SH:  4    Dex: 13    Spells: 4 memorised, 4 levels left

rFire  + . .     SeeInvis +     b - +6 arbalest "Ykewous" {velocity, Str+4 SInv}
rCold  . . .     Gourm    .     M - +1 leather armour of Xomant {rElec Str+4}
rNeg   . . .     Faith    .     (shield currently unavailable)
rPois  .         Spirit   .     V - +1 hat {MR+}
rElec  +         Dismiss  .     d - +1 cloak
rCorr  .         Reflect  +     e - +2 pair of gloves {Str+3}
MR     ++...     Harm     .     E - +2 pair of boots
Stlth  ++........               X - +4 amulet of reflection
                                A - ring of protection from fire
                                u - +3 ring of protection

@: finesse, very slightly contaminated
A: no striking features
a: Heroism, Finesse, Renounce Religion


You were on level 6 of the Lair of Beasts.
You worshipped Okawaru.
Okawaru was exalted by your worship.
You were very hungry.

You visited 3 branches of the dungeon, and saw 18 of its levels.

You collected 1117 gold pieces.

Inventory:

Hand Weapons
 a - a +2 hand axe of electrocution
 b - the +6 arbalest "Ykewous" (weapon) {velocity, Str+4 SInv}
   (You found it on level 6 of the Dungeon)

   Any bolt fired from it inflicts extra damage.
   It affects your strength (+4).
   It lets you see invisible.
 J - a +3 hand axe of flaming
Missiles
 U - 82 bolts (quivered)
Armour
 d - a +1 cloak (worn)
 e - a +2 pair of gloves of strength (worn)
 E - a +2 pair of boots (worn)
 M - the +1 leather armour of Xomant (worn) {rElec Str+4}
   (You found it on level 4 of the Dungeon)

   It affects your strength (+4).
   It insulates you from electricity.
 V - a +1 hat of magic resistance (worn)
Jewellery
 h - an uncursed ring of protection from fire
 l - an uncursed ring of positive energy
 u - a +3 ring of protection (left hand)
 w - an uncursed ring of protection from magic
 z - an uncursed ring of resist corrosion
 A - a ring of protection from fire (right hand)
 S - the ring of Nyats {rElec MP+9}
   (You found it on level 5 of the Lair of Beasts)

   [ring of magical power]

   It insulates you from electricity.
   It affects your magic capacity (+9).
 X - a +4 amulet of reflection (around neck)
Wands
 O - a wand of hasting (2/9)
 P - a wand of hasting (4/9)
 Q - a wand of acid (4/15)
 T - a wand of digging (8/24)
Scrolls
 i - 3 scrolls of fear {unknown}
 k - 12 scrolls of remove curse
 m - 4 scrolls of teleportation
 r - 3 scrolls of magic mapping {unknown}
 t - a scroll of holy word
 v - a scroll of vulnerability
 y - 3 scrolls of enchant armour {unknown}
 D - 4 scrolls of fog {unknown}
 F - a scroll of noise
 G - 2 scrolls of random uselessness {unknown}
 H - 2 scrolls of blinking
 W - a scroll of enchant weapon {unknown}
 Z - a scroll of summoning
Potions
 c - a potion of mutation {unknown}
 g - 3 potions of heal wounds {unknown}
 j - 6 potions of flight {unknown}
 n - 4 potions of agility
 p - 6 potions of ambrosia
 q - 2 potions of might {unknown}
 s - 2 potions of brilliance {unknown}
 x - 2 potions of lignification {unknown}
 B - a potion of curing
 C - 3 potions of haste {unknown}
 I - a potion of berserk rage {unknown}
 K - a potion of cure mutation {unknown}
 L - a potion of magic
 N - 2 potions of resistance
 R - a potion of beneficial mutation {unknown}
 Y - a potion of cancellation {unknown}
Comestibles
 f - 7 bread rations
 o - 11 meat rations


   Skills:
 + Level 12.9 Fighting
   Level 1.0 Short Blades
 - Level 10.7 Axes
 - Level 15.2 Crossbows
 - Level 2.0 Dodging
 - Level 1.0 Stealth
 - Level 8.1 Invocations
 - Level 6.3 Evocations


You had 4 spell levels left.
You knew the following spells:

 Your Spells              Type           Power        Failure   Level  Hunger
a - Summon Butterflies    Summ           #.......     34%         1    ##.....
b - Passwall              Tmut/Erth      #.........   50%         2    ###....
c - Swiftness             Chrm/Air       #.......     50%         2    ###....
d - Passage of Golubria   Tloc           N/A          100%        4    #####..


Dungeon Overview and Level Annotations

Branches:
Dungeon (11/15)            Temple (1/1) D:4            Lair (6/6) D:11
 Shoals (0/4) Lair:2        Snake (0/4) Lair:4        Slime (0/5) Lair:6
    Orc: D:9-12

Altars:
Cheibriados
Fedhas
Gozag
Hepliaklqana
Kikubaaqudgha
Makhleb
Nemelex Xobeh
Okawaru
Pakellas
Qazlal
Vehumet
Xom
Yredelemnul
Zin

Annotations:
D:1 exclusion: downstairs
D:2 exclusion: downstairs
D:5 exclusion: downstairs
D:10 exclusion: 3 downstairs
Lair:2 exclusion: door
Lair:4 exclusion: downstairs
Lair:6 1 runed door


Message History

The giant leech is almost dead.
The giant leech barely misses you.
Firing (i - inventory):
U - 84 bolts (quivered)
Press: ? - help, Shift-Dir - straight line, f/p - torpor snail
Aim: a torpor snail (severely wounded)
You shoot a bolt.
The bolt closely misses the giant leech.
The bolt hits the torpor snail!
You kill the torpor snail!
Okawaru accepts your kill. Something appears at your feet!
Okawaru grants you a gift!
You feel yourself speed up.
You feel like a meek peon again.
Firing (i - inventory):
U - 83 bolts (quivered)
Press: ? - help, Shift-Dir - straight line, f - giant leech
Aim: a giant leech (almost dead)
You shoot a bolt.
The bolt closely misses the giant leech.
The giant leech bites you!!
You die...

#.).# ##...#.####...##
##..## ##...#.##...## ##..##
##....#...## ##....#
####......###### #...###
#.#.....### .(## ...##
###....### (.(# ⌠†###
###....### ..#
..†.######....#..#### ##(.#
#.†..#.#.....##.@w(.####...#
###........#####...(((((.w##
#.##...##.# #####...(###
########### ######


You could see a giant leech.

Vanquished Creatures
  Gastronok (Lair:2)
  A dire elephant (Lair:5)
  A fire dragon (Lair:6)
  3 hydras
  The ghost of Geoffrax the Cruncher, a journeyman DgWn (Lair:2)
  The ghost of PurpleRed the Cleaver, a novice HuBe of Trog (D:11)
  Nergalle (Lair:2)
  A lindwurm (Lair:6)
  A necromancer (Lair:2)
  2 hill giants
  A manticore (Lair:2)
  A griffon (Lair:2)
  17 elephants
  6 torpor snails (Lair:6)
  Joseph (Lair:1)
  4 black mambas
  A gargoyle (D:11)
  6 spiny frogs
  7 komodo dragons
  4 rime drakes
  A troll (D:10)
  3 giant leeches (Lair:6)
  3 two-headed ogres
  9 blink frogs
  Sigmund (D:4)
  A spriggan (Lair:5)
  52 yaks
  8 basilisks
  8 hippogriffs
  3 hungry ghosts
  3 steam dragons
  2 mottled dragons (Lair:6)
  A naga (Lair:4)
  8 water moccasins
  13 porcupines
  Duvessa (D:5)
  A swamp drake (Lair:6)
  5 sky beasts
  2 black bears
  3 orc warriors
  6 wasps (Lair:6)
  3 phantoms
  2 ice beasts
  A centaur (D:9)
  7 wolves
  8 ogres
  11 crocodiles
  4 big kobolds
  16 giant frogs
  A water moccasin zombie (D:10)
  Dowan (D:5)
  2 scorpions
  7 killer bees
  3 wights (D:10)
  2 electric eels (D:6)
  2 howler monkeys
  2 giant frog zombies
  2 crimson imps
  A centaur zombie (D:6)
  2 hounds
  5 orc priests
  A giant frog skeleton (D:6)
  A jelly (D:9)
  6 orc wizards
  2 centaur skeletons
  9 iguanas
  6 hell rats (Lair:2)
  5 worker ants
  7 sheep
  A worker ant zombie (D:8)
  Robin (D:4)
  3 gnolls
  10 adders
  61 river rats
  5 shadow imps
  3 worms
  8 dart slugs (D:6)
  3 giant geckos
  28 orcs
  6 bats
  5 giant cockroaches
  9 goblins
  11 hobgoblins
  7 jackals
  6 quokkas
  3 ball pythons
  A giant cockroach zombie (D:5)
  A giant gecko skeleton (D:7)
  3 giant newts
  A jackal skeleton (D:9)
  14 kobolds
  12 rats
  2 river rat simulacra (Lair:2)
  A bush (Lair:4)
  A fungus (Lair:6)
  4 plants (Lair:6)
524 creatures vanquished.

Vanquished Creatures (collateral kills)
  A hobgoblin (D:1)
1 creature vanquished.

Vanquished Creatures (others)
  A giant newt (D:6)
  32 fungi
  27 plants
60 creatures vanquished.

Grand Total: 585 creatures vanquished

Notes
Turn   | Place    | Note
-------+----------+-------------------------------------------
     0 | D:1      | Akrasiac the Human Artificer began the quest for the Orb.
     0 | D:1      | Reached XP level 1. HP: 15/15 MP: 3/3
   123 | D:1      | Reached XP level 2. HP: 14/21 MP: 4/4
   959 | D:2      | Reached XP level 3. HP: 24/26 MP: 4/6
  2325 | D:2      | Reached XP level 4. HP: 30/32 MP: 7/7
  2662 | D:3      | Noticed a two-headed ogre
  2667 | D:3      | Killed a two-headed ogre
  2667 | D:3      | Reached XP level 5. HP: 37/37 MP: 7/9
  2667 | D:3      | Reached XP level 6. HP: 43/43 MP: 7/10
  3317 | D:3      | Found a shimmering altar of Xom.
  3320 | D:3      | Found a basalt altar of Yredelemnul.
  3428 | D:4      | Noticed Sigmund
  3720 | D:4      | Killed Sigmund
  3720 | D:4      | Reached XP level 7. HP: 41/48 MP: 11/11
  3730 | D:4      | Found a staircase to the Ecumenical Temple.
  3827 | Temple   | Entered the Ecumenical Temple
  3857 | Temple   | Became a worshipper of Warmaster Okawaru
  3930 | D:4      | Reached skill level 5 in Axes
  4114 | D:4      | Noticed Robin
  4447 | D:4      | Reached * piety under Okawaru
  4447 | D:4      | Reached XP level 8. HP: 41/54 MP: 12/12
  4709 | D:4      | Killed Robin
  4824 | D:4      | Got a faintly glowing leather armour
  4835 | D:4      | Identified the +1 leather armour of Xomant {rElec Str+4} (You found it on level 4 of the Dungeon)
  5251 | D:5      | Entered Level 5 of the Dungeon
  5251 | D:5      | Found an opulent altar of Gozag.
  5294 | D:5      | Noticed Duvessa
  5297 | D:5      | Noticed Dowan
  5309 | D:5      | Killed Duvessa
  5317 | D:5      | Killed Dowan
  5905 | D:5      | Reached XP level 9. HP: 18/59 MP: 13/13
  6447 | D:5      | Reached ** piety under Okawaru
  7196 | D:6      | Reached skill level 10 in Axes
  7266 | D:6      | Got an ichor-stained arbalest
  7460 | D:6      | Identified the +6 arbalest "Ykewous" {velocity, Str+4 SInv} (You found it on level 6 of the Dungeon)
  7895 | D:7      | Reached skill level 1 in Crossbows
  7966 | D:7      | Reached skill level 2 in Crossbows
  8098 | D:7      | You fall through a shaft for 3 floors!
  8098 | D:10     | Entered Level 10 of the Dungeon
  8114 | D:10     | Reached skill level 3 in Crossbows
  8179 | D:10     | Learned a level 1 spell: Summon Butterflies
  8264 | D:10     | Reached skill level 4 in Crossbows
  8264 | D:10     | Reached XP level 10. HP: 65/65 MP: 14/14
  8361 | D:10     | Reached *** piety under Okawaru
  8361 | D:10     | Reached skill level 5 in Crossbows
  8377 | D:10     | Reached skill level 6 in Crossbows
  8526 | D:10     | Reached skill level 7 in Crossbows
  8534 | D:10     | Received a gift from Okawaru
  8858 | D:10     | Reached skill level 8 in Crossbows
  9064 | D:9      | Reached skill level 1 in Invocations
  9526 | D:9      | Found a blossoming altar of Fedhas.
  9527 | D:9      | Found an ancient bone altar of Kikubaaqudgha.
  9561 | D:9      | Reached **** piety under Okawaru
  9591 | D:9      | Found a snail-covered altar of Cheibriados.
  9969 | D:8      | Reached XP level 11. HP: 73/78 MP: 15/15
 10082 | D:8      | Reached skill level 5 in Fighting
 10317 | D:8      | Noticed a three-headed hydra
 10327 | D:8      | Killed a one-headed hydra
 10327 | D:8      | Received a gift from Okawaru
 11095 | D:10     | Learned a level 2 spell: Passwall
 11098 | D:10     | Learned a level 2 spell: Swiftness
 11103 | D:10     | Learned a level 4 spell: Passage of Golubria
 11418 | D:10     | Noticed a hill giant
 11422 | D:10     | Killed a hill giant
 11585 | D:11     | Noticed a hill giant
 11588 | D:11     | Killed a hill giant
 11588 | D:11     | Reached ***** piety under Okawaru
 11607 | D:11     | Noticed PurpleRed's ghost (novice HuBe)
 11951 | D:11     | Reached skill level 9 in Crossbows
 12374 | D:11     | Reached XP level 12. HP: 89/95 MP: 16/16
 12465 | D:11     | Reached skill level 10 in Crossbows
 12752 | D:11     | Killed PurpleRed's ghost
 12888 | D:11     | Found a staircase to the Lair.
 13010 | D:11     | Received a gift from Okawaru
 13307 | Lair:1   | Entered Level 1 of the Lair of Beasts
 13332 | Lair:1   | Reached skill level 11 in Crossbows
 13632 | Lair:1   | Noticed a six-headed hydra
 13644 | Lair:1   | Killed a one-headed hydra
 13644 | Lair:1   | Received a gift from Okawaru
 14078 | Lair:1   | Noticed Joseph
 14084 | Lair:1   | Killed Joseph
 14088 | Lair:1   | Reached skill level 12 in Crossbows
 14508 | Lair:2   | Noticed Gastronok
 14517 | Lair:2   | Killed Gastronok
 14517 | Lair:2   | Reached ****** piety under Okawaru
 14517 | Lair:2   | Received a gift from Okawaru
 14625 | Lair:2   | Reached skill level 13 in Crossbows
 14829 | Lair:2   | Noticed Geoffrax's ghost (journeyman DgWn)
 14851 | Lair:2   | Killed Geoffrax's ghost
 14851 | Lair:2   | Reached XP level 13. HP: 69/101 MP: 15/17
 15278 | Lair:2   | Noticed Nergalle
 15293 | Lair:2   | Killed Nergalle
 15584 | Lair:2   | Reached skill level 14 in Crossbows
 15777 | Lair:2   | Found a staircase to the Shoals.
 16637 | Lair:3   | Noticed an eight-headed hydra
 16647 | Lair:3   | Killed an eight-headed hydra
 16874 | Lair:3   | Reached skill level 15 in Crossbows
 18139 | Lair:4   | Received a gift from Okawaru
 18246 | Lair:4   | Found a staircase to the Snake Pit.
 18525 | Lair:4   | Reached skill level 5 in Invocations
 19373 | Lair:4   | Reached XP level 14. HP: 31/108 MP: 19/19
 19912 | Lair:5   | Noticed a dire elephant
 20070 | Lair:5   | Killed a dire elephant
 20249 | Lair:5   | Reached skill level 10 in Fighting
 20810 | Lair:5   | Got a translucent turquoise ring
 20812 | Lair:5   | Identified the ring of Nyats {rElec MP+9} (You found it on level 5 of the Lair of Beasts)
 20827 | Lair:5   | Received a gift from Okawaru
 21121 | Lair:6   | Entered Level 6 of the Lair of Beasts
 22289 | Lair:6   | Found a staircase to the Slime Pits.
 22406 | Lair:6   | Received a gift from Okawaru
 22725 | Lair:6   | Received a gift from Okawaru
 22801 | Lair:6   | Found a runed door.
 22983 | Lair:6   | Received a gift from Okawaru
 22984 | Lair:6   | Slain by a giant leech

Vault maps used:
D:1:      minmay_arrival_semitransparent, minmay_misc_feat_encased
D:2:      columned_hall_lemuel
D:3:      minitemple
D:4:      uniq_sigmund, uniq_robin
D:5:      first_bread, minmay_misc_feat_x, nicolae_gozag_seed_capital,
          uniq_duvessa
D:6:      kennysheep_slugbush, hangedman_abyss_or_decor_lesser_grid,
          wad_floor_pattern_1, corexii_shack
D:8:      hangedman_ranch
D:9:      grunt_temple_overflow_growth_and_decay, basic_altar
D:11:     minmay_lair_entry_grove
Temple:   regret_index_temple_mists
Lair:1:   uniq_joseph
Lair:2:   minmay_shoals_entry_beasts, eino_house_with_fridge,
          infiniplex_staircase_pool, grunt_megastairs_4, uniq_gastronok,
          uniq_nergalle
Lair:4:   guppyfry_snake_entry_garden
Lair:5:   mu_elephants_graveyard, grunt_megastairs_2
Lair:6:   guppyfry_lair_end_dragon, wormcave, slime_dummy

Skill      XL: |  1  2  3  4  5  6  7  8  9 10 11 12 13 14 |
---------------+-------------------------------------------+-----
Evocations     | 4 6 |  6.3
Axes           | 2 4 5 8 10 | 10.7
Crossbows      | 4 8 9 13 15 | 15.2
Invocations    | 3 7 8 |  8.1
Fighting       | 4 9 12 | 12.9
Short Blades   | |  1.0
Dodging        | |  2.0
Stealth        | |  1.0

Action                   |  1- 3 |  4- 6 |  7- 9 | 10-12 | 13-15 || total
-------------------------+-------+-------+-------+-------+-------++-------
Melee: Short sword       |   146 |       |       |       |       ||   146
       Spear             |    10 |    21 |       |       |       ||    31
       Hand axe          |       |    41 |   304 |   328 |   308 ||   981
       Punch             |       |       |       |     1 |       ||     1
 Fire: Blowgun           |       |     2 |    34 |       |       ||    36
       Arbalest          |       |       |    13 |   219 |   371 ||   603
Throw: Javelin           |       |     1 |     5 |       |       ||     6
Invok: Heroism           |       |       |       |     8 |     8 ||    16
       Finesse           |       |       |       |       |     1 ||     1
Evoke: Wand              |     9 |     5 |     3 |       |       ||    17
  Use: Scroll            |       |     4 |     3 |     6 |     5 ||    18
       Potion            |       |     1 |     2 |     1 |     1 ||     5
 Stab: Sleeping          |     3 |     1 |     1 |     2 |       ||     7
       Invisible         |       |     2 |       |       |       ||     2
  Eat: Chunk             |     4 |     4 |    14 |    20 |    19 ||    61
       Pizza             |       |       |     1 |       |       ||     1
       Fruit             |       |       |       |     3 |     5 ||     8
Armor: Leather armour    |    31 |    17 |    94 |    95 |   129 ||   366
       Ring mail         |       |       |     6 |       |       ||     6
Dodge: Dodged            |   103 |    31 |   135 |   209 |   220 ||   698
Block: Other             |       |       |       |       |    12 ||    12
